 Dungeon Crawl Stone Soup version 0.27.1-34-g3ba077fa99 (webtiles) character file.

Game seed: 6947768687245161979

905 pkoi the Martial Artist (level 7, 0/58 HPs)
             Began as a Red Draconian Monk on Jan 7, 2022.
             Succumbed to a killer bee's poison
             ... on level 4 of the Dungeon.
             The game lasted 00:05:48 (4148 turns).

pkoi the Martial Artist (Red Draconian Monk)        Turns: 4148, Time: 00:05:48

Health: 0/58       AC:  7    Str: 13    XL:     7   Next: 80%
Magic:  7/7        EV: 13    Int: 12    God:
Gold:   114        SH:  0    Dex: 14    Spells: 6/6 levels left

rFire    + + .     SeeInvis .     - Unarmed
rCold    . . .     Faith    .   (no shield)
rNeg     . . .     Spirit   .   (armour unavailable)
rPois    .         Reflect  .   (helmet restricted)
rElec    .         Harm     .   c - +0 cloak
rCorr    .         Rampage  .   (no gloves)
Will     .....                  (no boots)
Stlth    ++........             b - amulet of regeneration
HPRegen  1.19/turn              h - ring of protection from fire
MPRegen  0.10/turn              (no ring)

@: lethally poisoned (0 -> -1)
A: breathe fire, AC +6, unfitting armour, fire resistance 1, cold-blooded
a: Breathe Fire


You were on level 4 of the Dungeon.
You visited 1 branch of the dungeon, and saw 5 of its levels.
You also visited: Ossuary.

You collected 204 gold pieces.
You spent 90 gold pieces at shops.

Inventory:

Hand Weapons
 e - a +0 dagger
 i - a +1 whip of draining
Missiles
 j - 5 poisoned darts (quivered)
Armour
 c - a +0 cloak (worn)
 d - a +0 hat
Jewellery
 b - an amulet of regeneration (around neck)
 h - a ring of protection from fire (left hand)
 l - an amulet of the acrobat
 p - an amulet of faith
Scrolls
 o - a scroll of blinking {unknown}
 r - a scroll of vulnerability {unknown}
Potions
 a - a potion of resistance
 f - a potion of curing
 g - 2 potions of mutation {unknown}
 k - 5 potions of heal wounds
 m - 2 potions of attraction {unknown}
 n - 2 potions of ambrosia {unknown}
 q - 2 potions of lignification


   Skills:
 + Level 3.7 Fighting
 + Level 3.0 Dodging
 - Level 1.7 Stealth
 * Level 9.2 Unarmed Combat


You had 6 spell levels left.
You didn't know any spells.
Your spell library contained the following spells:

 Spells                   Type           Power      Damage    Failure   Level
 Foxfire                  Conj/Fire      0%         2x1d4     32%         1
 Conjure Flame            Conj/Fire      0%         6-21      69%         3
 Inner Flame              Hex/Fire       0%         N/A       69%         3


Dungeon Overview and Level Annotations

Branches:
Dungeon (5/15)            Ossuary (visited)
 Temple: D:4-7

Altars:
Cheibriados
Makhleb

Shops:
D:4 !

Annotations:
D:3 Sigmund


Innate Abilities, Weirdness & Mutations

You can breathe blasts of fire.
Your fiery red scales are hard. (AC +6)
You cannot fit into any form of body armour.
Your flesh is heat resistant. (rF+)
You are cold-blooded and may be slowed by cold attacks.


Message History

The killer bee stings you.
You are poisoned.
The killer bee poisons you! The killer bee barely misses you.
The killer bee completely misses you. The killer bee stings you!
You are more poisoned.
The killer bee poisons you!
You feel very sick. The killer bee stings you.
You are more poisoned.
The killer bee poisons you! The killer bee barely misses you.
The killer bee stings you.
The killer bee stings you but does no damage.
The killer bee closely misses you.
You feel very sick. The killer bee stings you.
* * * LOW HITPOINT WARNING * * *
You are more poisoned.
The killer bee poisons you! The killer bee barely misses you.
The killer bee completely misses you.
You feel very sick. The killer bee closely misses you.
You feel very sick.
There is a stone staircase leading up here.
Unknown command.
You feel very sick.
The killer bee stings you but does no damage.
The killer bee misses you. The killer bee barely misses you.
The killer bee closely misses you.
The killer bee stings you but does no damage.
You climb upwards.
You feel very sick.
There is a stone staircase leading down, spattered with blood here.
Unknown command.
You closely miss the killer bee.
You feel sick. The killer bee closely misses you.
The killer bee stings you but does no damage.
The killer bee stings you!
* * * LOW HITPOINT WARNING * * *
You barely miss the killer bee.
You die...

#.#.......#.##....
###.#.......#.##....
######.....[.............
##........#...#...........
#..######...##..####......
#..# #......## ##......
##.## #.#########<......
#..# #y# #..........
##.#####@# ##.##.......
#....##y#####..##.......
####<#..................
#..#.####....#.......
##...# ##.##.........
##..###^.####.......
#####..#..## #.......
#.......<..#####.###..
#................####.


You could see 2 killer bees.

Vanquished Creatures
  Eustachio (D:4)
  A kobold brigand (D:4)
  A phantom (D:3)
  2 elf zombies (Ossuary)
  A scorpion (D:4)
  A water moccasin skeleton (D:5)
  A howler monkey (D:4)
  A jelly (D:4)
  A hound (D:4)
  A human zombie (Ossuary)
  An orc priest (D:4)
  2 hound skeletons
  2 mummies (Ossuary)
  4 gnolls
  3 adders
  An adder zombie (Ossuary)
  2 adder skeletons (D:4)
  4 worms
  3 dart slugs
  2 orcs
  3 endoplasms
  3 giant cockroaches
  5 goblins
  5 hobgoblins
  2 quokkas
  10 ball pythons
  4 bats
  3 frilled lizards
  2 goblin zombies (Ossuary)
  12 hobgoblin zombies (Ossuary)
  3 jackal zombies (Ossuary)
  4 kobolds
  8 kobold zombies (Ossuary)
  6 orc zombies (Ossuary)
  3 rats
  2 rat zombies (Ossuary)
110 creatures vanquished.

Notes
Turn   | Place    | Note
-------+----------+-------------------------------------------
     0 | D:1      | pkoi the Draconian Monk began the quest for the Orb.
     0 | D:1      | Reached XP level 1. HP: 19/19 MP: 1/1
   423 | D:1      | Reached XP level 2. HP: 26/26 MP: 2/2
   459 | D:1      | Found a faded altar of an unknown god.
  1100 | D:2      | Reached skill level 4 in Unarmed Combat
  1112 | D:2      | Reached XP level 3. HP: 18/31 MP: 3/3
  2164 | D:3      | Found a burning altar of Makhleb.
  2167 | D:3      | Noticed a phantom
  2290 | D:3      | Reached XP level 4. HP: 38/38 MP: 4/4
  2348 | D:3      | Reached skill level 5 in Unarmed Combat
  2399 | D:3      | Killed a phantom
  2400 | D:3      | Reached XP level 5. HP: 41/45 MP: 5/5
  2537 | D:3      | Noticed Sigmund
  2747 | D:4      | Reached skill level 6 in Unarmed Combat
  2765 | D:4      | Found a sand-covered staircase.
  2777 | Ossuary  | Entered an ossuary
  2995 | Ossuary  | Reached skill level 7 in Unarmed Combat
  2995 | Ossuary  | Reached XP level 6. HP: 51/51 MP: 6/6
  3344 | D:4      | Found Qulabidd's Distillery.
  3351 | D:4      | Found a snail-covered altar of Cheibriados.
  3363 | D:4      | Reached skill level 8 in Unarmed Combat
  3363 | D:4      | Your scales start taking on a fiery red colour.
  3363 | D:4      | Reached XP level 7. HP: 44/57 MP: 7/7
  3363 | D:4      | Gained mutation: Your flesh is heat resistant. (rF+) [Red
                  | Draconian growth]
  3576 | D:4      | Bought a potion of heal wounds for 50 gold pieces
  3576 | D:4      | Bought a potion of lignification for 30 gold pieces
  3576 | D:4      | Bought a potion of degeneration for 10 gold pieces
  3657 | D:5      | Entered Level 5 of the Dungeon
  3719 | D:5      | Noticed Eustachio
  4042 | D:4      | Killed Eustachio
  4043 | D:4      | Reached skill level 9 in Unarmed Combat
  4147 | D:4      | HP: 1/58 [killer bee (8)]
  4148 | D:4      | Succumbed to a killer bee's poison

Illustrated notes

Levels and vault maps discovered:
D:1:      amcnicky_arrival_double_pillar, layout_loops_cross,
          shapermc_ecumenical_altar_ellora, columned_hall_lemuel,
          minmay_misc_feat_encased, st_stairs_13,
          wander_ebering_terrifying_dragon_lair
D:2:      cheibrodos_old_hovel, layout_loops_corners, minmay_quantized
D:3:      layout_basic, mainiacjoe_overflow_catwalk, uniq_sigmund
D:4:      layout_rooms, lemuel_crystal_altar, nicolae_ossuary_entry_monument,
          serial_shops, nicolae_shop_stone, hex_tiny, grunt_decor_cap
D:5:      layout_gridville, serial_shops, shop, uniq_menkaure,
          uniq_crazy_yiuf_cottage, uniq_eustachio

Skill      XL: |  1  2  3  4  5  6  7 |
---------------+----------------------+-----
Unarmed Combat | 4 5 7 8 9 |  9.2
Dodging        | 3 |  3.0
Fighting       | |  3.7
Stealth        | |  1.7

Action                   |  1- 3 |  4- 6 |  7- 9 || total
-------------------------+-------+-------+-------++-------
Melee: Unarmed           |   120 |   278 |    81 ||   479
       Tailslap          |    11 |    42 |    12 ||    65
       Punch             |     2 |     7 |     3 ||    12
 Abil: Breathe Fire      |       |       |     2 ||     2
  Use: Potion            |     3 |       |       ||     3
       Scroll            |     2 |     5 |       ||     7
 Stab: Sleeping          |     8 |     2 |       ||    10
Armor: Skin              |    41 |    94 |    26 ||   161
Dodge: Dodged            |    72 |   119 |    85 ||   276
